 Dungeon Crawl Stone Soup version 0.20.1-1-g8b1a95d (webtiles) character file.

72 Ansu the Charmwright (level 4, -1/37 HPs)
             Began as a Draconian Skald on Sept 8, 2017.
             Slain by a leopard gecko (5 damage)
             ... on level 2 of the Dungeon.
             The game lasted 00:07:07 (1513 turns).

Ansu the Charmwright (Draconian Skald)              Turns: 1513, Time: 00:07:07

Health: -1/37      AC:  6    Str: 15    XL:     4   Next: 7%
Magic:  7/7        EV: 12    Int: 13    God:
Gold:   74         SH:  0    Dex: 10    Spells: 6/7 levels left

rFire    . . .     SeeInvis .   a - +0 hand axe
rCold    . . .     Gourm    .   (no shield)
rNeg     . . .     Faith    .   (armour unavailable)
rPois    .         Spirit   .   (helmet restricted)
rElec    .         Reflect  .   f - +0 cloak
rCorr    .         Harm     .   (no gloves)
MR       .....                  (no boots)
Stlth    +.........             (no amulet)
Regen    0.2/turn               (no ring)
MPRegen  0.1/turn               (no ring)

@: no status effects
A: unfitting armour, cold-blooded, AC +5
a: no special abilities


You were on level 2 of the Dungeon.
You were not hungry.

You visited 1 branch of the dungeon, and saw 2 of its levels.

You collected 74 gold pieces.

Inventory:

Hand Weapons
 a - a +0 hand axe (weapon)
 g - a +0 hunting sling
Armour
 f - a +0 cloak (worn)
Scrolls
 l - 3 scrolls of identify {unknown}
 m - a scroll of enchant armour {unknown}
 n - a scroll of enchant weapon {unknown}
 o - a scroll of amnesia {unknown}
 p - a scroll of recharging {unknown}
 r - a scroll of remove curse {unknown}
 t - a scroll of fog {unknown}
Potions
 e - a potion of mutation {unknown}
 i - a potion of cancellation {unknown}
 j - 3 potions of curing {unknown}
 k - a potion of ambrosia {unknown}
 q - a potion of berserk rage {unknown}
Books
 b - a book of Battle

   Spells                             Type                      Level
   a - Infusion                       Charms                       1
   b - Shroud of Golubria             Charms/Translocation         2
   c - Song of Slaying                Charms                       2
   d - Spectral Weapon                Hexes/Charms                 3
   e - Regeneration                   Charms/Necromancy            3
Comestibles
 c - a bread ration
 h - 2 meat rations
 s - 3 fruits


   Skills:
 + Level 2.5 Fighting
 + Level 2.9 Axes
 + Level 2.8 Dodging
 + Level 0.4 Stealth
 + Level 2.2 Spellcasting
 + Level 3.1 Charms


You had 6 spell levels left.
You knew the following spells:

 Your Spells              Type           Power        Failure   Level  Hunger
a - Infusion              Chrm           #...         7%          1    ##.....


Dungeon Overview and Level Annotations

Branches:
Dungeon (2/15)

Altars:


Innate Abilities, Weirdness & Mutations

Your plain brown scales are hard. (AC +5)
You cannot fit into any form of body armour.
You are cold-blooded and may be slowed by cold attacks.


Message History

* * * LOW HITPOINT WARNING * * *
The leopard gecko barely misses you.
You barely miss the leopard gecko.
The leopard gecko is severely wounded.
The leopard gecko barely misses you.
You barely miss the leopard gecko.
You tail-slap the leopard gecko, but do no damage.
The leopard gecko is severely wounded.
The leopard gecko bites you but does no damage.
The leopard gecko bites you.
* * * LOW HITPOINT WARNING * * *
You completely miss the leopard gecko.
The leopard gecko is severely wounded.
The leopard gecko bites you.
* * * LOW HITPOINT WARNING * * *
You barely miss the leopard gecko.
The leopard gecko is severely wounded.
The leopard gecko misses you. The leopard gecko bites you.
You die...

#.#.##.##.#.# ........#
#.#.##..#.#.. ........#
#.#.......#.. ........#
#.#####†###.. ........#
#.# #..##.. ........# #.#
##.##.. ........# #.#
#..#.#
.......l#####.#######.#.#
........@..##.##....#...#
+#######)..##..'....+...#
#...#####....##..#
#...'........###.#
#...####.##### #..
.........<#.# ##.
#####.....#.# . ......#.#
# ########.#


You could see a leopard gecko.

Vanquished Creatures
  3 adders (D:2)
  A worm (D:2)
  A dart slug (D:1)
  A leopard gecko (D:1)
  3 giant cockroaches (D:1)
  4 goblins
  6 hobgoblins
  2 ball pythons (D:1)
  9 bats
  2 frilled lizards
  3 kobolds
  5 rats (D:1)
40 creatures vanquished.

Notes
Turn   | Place    | Note
-------+----------+-------------------------------------------
     0 | D:1      | Ansu the Draconian Skald began the quest for the Orb.
     0 | D:1      | Reached XP level 1. HP: 17/17 MP: 3/3
   170 | D:1      | Reached XP level 2. HP: 25/25 MP: 0/5
   269 | D:1      | Reached skill level 3 in Charms
   610 | D:1      | Reached XP level 3. HP: 28/30 MP: 6/6
  1217 | D:2      | Reached XP level 4. HP: 17/37 MP: 7/7
  1513 | D:2      | Slain by a leopard gecko

Skill      XL: |  1  2 |
---------------+-------+-----
Charms         | 3 |  3.1
Fighting       | |  2.5
Axes           | |  2.9
Dodging        | |  2.8
Stealth        | |  0.4
Spellcasting   | |  2.2

Action                   |  1- 3 |  4- 6 || total
-------------------------+-------+-------++-------
Melee: Hand axe          |   131 |    25 ||   156
       Tailslap          |    11 |     2 ||    13
 Cast: Infusion          |     1 |       ||     1
 Stab: Sleeping          |     1 |       ||     1
  Eat: Chunk             |     1 |     1 ||     2
Armor: Skin              |   115 |    20 ||   135
Dodge: Dodged            |   161 |    22 ||   183
